 Dungeon Crawl Stone Soup version 0.31-a0-1447-g87ca8d402b (webtiles) character file.

Game seed: 12223301947885071051

1211 Rennog the Arsonist (level 8, -2/48 HPs)
             Began as an Octopode Fire Elementalist on Dec 27, 2023.
             Was a Believer of Sif Muna.
             Slain by a scorpion (5 damage)
             ... on level 4 of the Dungeon.
             The game lasted 00:13:30 (6456 turns).

Rennog the Arsonist (Octopode Fire Elementalist)    Turns: 6456, Time: 00:13:31

Health: -2/48      AC:  1    Str:  8    XL:     8   Next: 46%
Magic:  8/16       EV: 13    Int: 19    God:    Sif Muna [**....]
Gold:   388        SH:  0    Dex: 12    Spells: 12/18 levels left

rFire   . . .        (no weapon)
rCold   . . .        (no shield)
rNeg    . . .        (helmet restricted)
rPois   .            p - amulet of the acrobat
rElec   .            e - ring of resist corrosion
rCorr   +            (no ring)
SInv    .            (no ring)
Will    .....        (no ring)
Stlth   +++          (no ring)
HPRegen 0.28/turn    (no ring)
MPRegen 0.15/turn    (no ring)
                     (no ring)

%: acrobat
@: no status effects
A: almost no armour, amphibious, 8 rings, camouflage 1, gelatinous body 1,
(nimble swimmer 1), tentacles
a: Renounce Religion, Channel Magic


You were on level 4 of the Dungeon.
You worshipped Sif Muna.
Sif Muna was pleased with you.
You visited 1 branch of the dungeon, and saw 5 of its levels.
You also visited: Ossuary.

You collected 388 gold pieces.

Inventory:

Missiles
 j - a throwing net
Jewellery
 e - a ring of resist corrosion (left tentacle)
 p - an amulet of the acrobat (around mantle)
Wands
 o - a wand of flame (43)
 q - a wand of paralysis (7)
Scrolls
 b - 2 scrolls of identify
 d - 4 scrolls of teleportation
 f - 2 scrolls of poison
 g - a scroll of enchant armour
 k - a scroll of butterflies
 m - a scroll of revelation
 n - a scroll of vulnerability
 r - 3 scrolls of noise {unknown}
 u - a scroll of fog {unknown}
Potions
 a - 2 potions of magic
 c - a potion of curing
 h - 2 potions of enlightenment {unknown}
 i - 2 potions of heal wounds {unknown}
 l - a potion of resistance {unknown}
 s - 2 potions of mutation {unknown}
 t - a potion of cancellation {unknown}


   Skills:
 + Level 1.6 Fighting
 - Level 2.0 Dodging
 - Level 2.6 Stealth
 + Level 5.5 Spellcasting
 - Level 1.0 Conjurations
 - Level 8.1 Fire Magic
 + Level 1.8 Invocations


You had 12 spell levels left.
You knew the following spells:

 Your Spells              Type           Power      Damage    Failure   Level
a - Foxfire               Conj/Fire      88%        2x1d8     1%          1
b - Scorch                Fire           72%        2d8       1%          2
c - Inner Flame           Hex/Fire       20%        N/A       7%          3

Your spell library contained the following spells:

 Spells                   Type           Power      Damage    Failure   Level
 Volatile Blastmotes      Fire/Tloc      40%        2d13      7%          3
 Ensorcelled Hibernation  Hex/Ice        10%        N/A       19%         2
 Flame Wave               Conj/Fire      22%        2d8       19%         4
 Fugue of the Fallen      Necr           5%         N/A       34%         3
 Anguish                  Hex/Necr       2%         N/A       75%         4


Dungeon Overview and Level Annotations

Branches:
Dungeon (5/15)             Temple (0/1) D:4         Ossuary (visited)

Altars:
Qazlal
Ru
Sif Muna

Shops:
D:1 :((   D:2 [

Annotations:
D:2 1 runed translucent door, Crazy Yiuf


Innate Abilities, Weirdness & Mutations

You cannot wear most types of armour.
You are amphibious.
You can wear up to eight rings at the same time.
Your skin changes colour to match your surroundings (Stealth+).
Your rubbery body absorbs attacks. (AC +1, EV +1)
((You are camouflaged when in or above water. (Stealth+)))
You have tentacles for arms and can constrict up to eight enemies at once.


Message History

Confirm with . or Enter, or press ? or * to list all spells.
Flames lash the iguana.
The iguana is lightly wounded.
The iguana's fire resistance burns away.
You feel sick.
The scorpion barely misses you. x2; The iguana misses you.
Casting: Scorch (safe; 1% risk of failure)
Confirm with . or Enter, or press ? or * to list all spells.
Flames lash the scorpion.
The scorpion is moderately wounded.
The scorpion's fire resistance burns away.
You feel sick. The scorpion completely misses you.
The scorpion closely misses you. The iguana bites you!
Casting: Scorch (safe; 1% risk of failure)
Confirm with . or Enter, or press ? or * to list all spells.
Flames lash the scorpion.
The scorpion is burned terribly!
The scorpion is severely wounded.
You feel sick.
The iguana is no longer more vulnerable to fire.
The scorpion closely misses you. The scorpion barely misses you.
The iguana bites you. The scorpion stings you.
* * * LOW HITPOINT WARNING * * *
You are lethally poisoned!
The scorpion poisons you! The scorpion completely misses you.
Casting: Scorch (safe; 1% risk of failure)
Confirm with . or Enter, or press ? or * to list all spells.
Flames lash the scorpion.
The scorpion is burned terribly!
The scorpion is almost dead.
* * * LOW HITPOINT WARNING * * *
You feel very sick. The scorpion stings you.
* * * LOW HITPOINT WARNING * * *
You are more poisoned.
The scorpion poisons you! The scorpion stings you.
* * * LOW HITPOINT WARNING * * *
You are more poisoned.
The scorpion poisons you! The iguana closely misses you.
You feel better. The scorpion stings you.
* * * LOW HITPOINT WARNING * * *
The scorpion stings you.
You die...

....##......###....##.........###
....##....### ####....#..........
..........## ###..##.........
..#....#...# #...##.........
...)(......# ##.#............
.....).....#######..###..........
...))............................
...)##...#####.))s.......####..#.
....)..........)@l...............
...###.##........s......####..###
.[.###.##..###................#
.#............#...##..........#
.#.................#...##########
.#.....#########........# #..
##...)## ##........# ##.# #....#
###.........# #..#
##....#######...#######.## ###.##


You could see 2 scorpions and an iguana.

Vanquished Creatures
  Sigmund (D:2)
  A weeping skull (Ossuary)
  2 elf zombies (Ossuary)
  3 scorpions
  A centaur zombie (Ossuary)
  A human zombie (Ossuary)
  A hound (D:4)
  Jessica (D:2)
  Natasha (thrice) (D:4)
  A gnoll bouda (D:4)
  2 iguanas (D:4)
  Terence (D:3)
  An orc wizard (D:4)
  Ijyb (D:3)
  2 crocodile zombies (Ossuary)
  2 hound zombies (Ossuary)
  3 mummies (Ossuary)
  Robin (D:4)
  4 adders
  4 gnolls
  2 adder zombies (Ossuary)
  3 worms
  10 orcs
  9 endoplasms
  3 giant cockroaches
  2 gnoll zombies (Ossuary)
  19 goblins
  11 hobgoblins
  A quokka (D:4)
  7 ball pythons
  5 ball python zombies (Ossuary)
  4 bats
  3 frilled lizards
  5 jackal zombies (Ossuary)
  11 kobolds
  8 kobold zombies (Ossuary)
  3 rats
  2 rat zombies (D:4)
144 creatures vanquished.

Vanquished Creatures (others)
  248 foxfires
248 creatures vanquished.

Grand Total: 392 creatures vanquished

Notes
Turn   | Place    | Note
-------+----------+-------------------------------------------
     0 | D:1      | Rennog the Octopode Fire Elementalist began the quest for
                  | the Orb.
     0 | D:1      | Reached XP level 1. HP: 11/11 MP: 3/3
   144 | D:1      | Reached XP level 2. HP: 15/17 MP: 0/5
   271 | D:1      | Found Teusch's Book Shop.
   326 | D:1      | Found Plog's Antique Weapon Emporium.
   469 | D:1      | Learned a level 2 spell: Scorch
   793 | D:1      | Found Tuddaus's Weapon Shoppe.
  1045 | D:2      | Noticed Sigmund
  1087 | D:2      | Noticed Jessica
  1103 | D:2      | Killed Jessica
  1104 | D:2      | Reached skill level 4 in Fire Magic
  1104 | D:2      | Reached XP level 3. HP: 21/21 MP: 1/6
  1231 | D:2      | Reached XP level 4. HP: 7/27 MP: 1/8
  1409 | D:2      | Killed Sigmund
  1410 | D:2      | Reached skill level 5 in Fire Magic
  1410 | D:2      | Reached XP level 5. HP: 31/31 MP: 3/10
  1410 | D:2      | Reached XP level 6. HP: 36/36 MP: 3/11
  1773 | D:2      | Found Zidatrot's Armour Boutique.
  1834 | D:2      | Found a runed translucent door.
  1835 | D:2      | Noticed Crazy Yiuf
  2615 | D:3      | Noticed Terence
  2799 | D:3      | Noticed Ijyb
  2802 | D:3      | Killed Ijyb
  3022 | D:3      | Killed Terence
  3023 | D:3      | Reached skill level 6 in Fire Magic
  3285 | D:3      | Found a sacrificial altar of Ru.
  3322 | D:3      | Found a shimmering blue altar of Sif Muna.
  3325 | D:3      | Found a stormy altar of Qazlal.
  3339 | D:3      | Became a worshipper of Sif Muna the Loreminder
  3670 | D:4      | Found a staircase to the Ecumenical Temple.
  3809 | D:4      | Noticed Robin
  3812 | D:4      | Reached XP level 7. HP: 24/41 MP: 7/13
  3816 | D:4      | Killed Robin
  3844 | D:4      | Reached * piety under Sif Muna
  3884 | D:4      | Noticed Natasha
  3885 | D:4      | Found a sand-covered staircase.
  3892 | Ossuary  | Entered an ossuary
  4471 | Ossuary  | Reached ** piety under Sif Muna
  4472 | Ossuary  | Reached skill level 7 in Fire Magic
  5104 | Ossuary  | Reached XP level 8. HP: 46/46 MP: 6/15
  5109 | Ossuary  | Reached skill level 5 in Spellcasting
  5249 | Ossuary  | Learned a level 3 spell: Inner Flame
  5254 | D:4      | Killed Natasha
  5347 | D:4      | Noticed Natasha
  5352 | D:4      | Killed Natasha
  5479 | D:4      | Identified the flux talisman "Anen" {Will+ Dex+3}
  5517 | D:4      | Reached skill level 8 in Fire Magic
  5561 | D:4      | Noticed Natasha
  5566 | D:4      | Killed Natasha
  5959 | D:5      | Entered Level 5 of the Dungeon
  6150 | D:4      | Reached skill level 1 in Invocations
  6315 | D:5      | Reached skill level 1 in Fighting
  6456 | D:4      | Slain by a scorpion

Illustrated notes

Levels and vault maps discovered:
D:1:      erik_arrival_triangle_medium, layout_basic, serial_shops, shop_coins,
          shop, shop
D:2:      layout_loops_ring, serial_shops, shop, minmay_unequal, uniq_sigmund,
          uniq_crazy_yiuf_cottage, uniq_jessica
D:3:      layout_loops_cross, minmay_overflow_temple_star_quad,
          chequers_serial_rivers_large_a, chequers_jeans, uniq_terence,
          uniq_ijyb
D:4:      layout_rooms, temple_hall, enter_ossuary_4, skrybe_limestone_x,
          uniq_natasha, uniq_robin
D:5:      layout_cave_pools, serial_co_window_serial,
          co_window_of_opportunity_a, co_window_paths_a, co_window_paths_a,
          co_window_paths_b, co_window_paths_a, co_window_paths_a,
          co_window_paths_a, co_window_of_opportunity_c, co_window_corner_cb,
          co_window_unsneaky_path_c, co_window_sun, lightli_minifort,
          uniq_menkaure

Skill      XL: |  1  2  3  4  5  6  7  8 |
---------------+-------------------------+-----
Fire Magic     | 4 5 6 7 8 |  8.1
Spellcasting   | 3 4 5 |  5.5
Invocations    | 1 |  1.8
Fighting       | 1 |  1.6
Dodging        | |  2.0
Stealth        | |  2.6
Conjurations   | |  1.0

Action                     |  1- 3 |  4- 6 |  7- 9 || total
---------------------------+-------+-------+-------++-------
  Melee: Unarmed           |    31 |    21 |     9 ||    61
         Constrict         |    10 |     5 |     2 ||    17
         Tentacles         |     7 |     5 |     2 ||    14
         Punch             |     1 |       |       ||     1
   Cast: Foxfire           |    16 |    30 |   102 ||   148
         Scorch            |    14 |    46 |    76 ||   136
    Use: Scroll            |       |       |     7 ||     7
         Potion            |       |       |     2 ||     2
   Stab: Sleeping          |     1 |       |       ||     1
 Armour: Skin              |    24 |     9 |    63 ||    96
  Dodge: Dodged            |    35 |    18 |    79 ||   132

Table legend: (Time is in decaauts)
 A = Elapsed time spent in this place.
 B = Non-inter-level travel time spent in this place.
 C = Inter-level travel time spent in this place.
 D = Time resting spent in this place.
 E = Time spent auto-exploring this place.
 F = Levels seen in this place.
 G = Mean time per level.
                   A        B        C        D        E       F      G
               +--------+--------+--------+--------+--------+-----+--------+
         Total |   6462 |   6097 |    365 |    656 |   4459 |   6 | 1077.0 |
       Dungeon |   5105 |   4740 |    365 |    538 |   3482 |   5 | 1021.0 |
       Ossuary |   1357 |   1357 |      0 |    118 |    977 |   1 | 1357.0 |
               +--------+--------+--------+--------+--------+-----+--------+

Top non-repeatable levels by time:
     D:4: 1373 daAuts
 Ossuary: 1357 daAuts
     D:1: 1289 daAuts
     D:2: 1179 daAuts
     D:3: 1111 daAuts
     D:5: 151 daAuts
